 Dungeon Crawl Stone Soup version 0.29.1-15-g9cfb28693d (webtiles) character file.

Game seed: 2571871985759824744

1044 Cheops the Spear-Bearer (level 8, -8/57 HPs)
             Began as a Merfolk Gladiator on Mar 21, 2023.
             Killed by divine providence
             ... invoked by an orc priest
              (16 damage)
             ... on level 5 of the Dungeon.
             The game lasted 00:13:00 (6570 turns).

Cheops the Spear-Bearer (Merfolk Gladiator)         Turns: 6570, Time: 00:13:01

Health: -8/57      AC:  5    Str: 17    XL:     8   Next: 25%
Magic:  8/8        EV: 13    Int:  7    God:
Gold:   174        SH:  0    Dex: 15    Spells: 7/7 levels left

rFire   . . .      SeeInvis .   b - +0 halberd
rCold   . . .      Faith    .   (shield currently unavailable)
rNeg    . . .      Spirit   .   m - +0 leather armour
rPois   .          Reflect  .   c - +0 helmet
rElec   .          Harm     .   (no cloak)
rCorr   .          Rampage  .   (no gloves)
Will    .....      Clarity  +   i - +0 pair of boots
Stlth   +.........              x - amulet of the acrobat
HPRegen 0.19/turn               (no ring)
MPRegen 0.11/turn               (no ring)

@: no status effects
A: (nimble swimmer 2), mertail, iridescent scales 1, clarity, deformed body
a: no special abilities


You were on level 5 of the Dungeon.
You visited 1 branch of the dungeon, and saw 5 of its levels.

You collected 366 gold pieces.
You spent 192 gold pieces at shops.

Inventory:

Hand Weapons
 a - a +0 trident
 b - a +0 halberd (weapon)
 p - the +4 whip of Wealth {elec, Dex+4}
   (You found it on level 3 of the Dungeon)

   It occasionally discharges a powerful burst of electricity upon striking a
   foe.
   Dex:       It affects your dexterity (+4).
Missiles
 d - 3 throwing nets (quivered)
 e - a javelin
Armour
 c - a +0 helmet (worn)
 i - a +0 pair of boots (worn)
 m - a +0 leather armour (worn)
Magical Staves
 o - a staff of earth
Jewellery
 g - a ring of fire
 x - an amulet of the acrobat (around neck)
 A - a ring of poison resistance
Wands
 B - a wand of light (9)
Scrolls
 f - 2 scrolls of fear {unknown}
 h - 2 scrolls of teleportation {unknown}
 j - a scroll of magic mapping {unknown}
 k - a scroll of blinking {unknown}
 l - a scroll of summoning
 r - a scroll of vulnerability {unknown}
 s - a scroll of fog {unknown}
 u - a scroll of amnesia {unknown}
 v - a scroll of noise {unknown}
 w - a scroll of immolation {unknown}
 y - a scroll of enchant armour
Potions
 n - 4 potions of curing
 q - a potion of ambrosia {unknown}
 t - a potion of berserk rage {unknown}
 z - a potion of lignification {unknown}
 C - a potion of invisibility {unknown}


   Skills:
 - Level 2.8 Fighting
 + Level 12.2 Polearms
 - Level 2.5 Throwing
 - Level 4.5 Dodging


You had 7 spell levels left.
You didn't know any spells.
Your spell library contained the following spells:

 Spells                   Type           Power      Damage    Failure   Level
 Magic Dart               Conj           0%         1d3       50%         1
 Sting                    Tmut/Pois      0%         1d3       50%         1
 Blink                    Tloc           0%         N/A       65%         2
 Call Imp                 Summ           0%         N/A       65%         2
 Ensorcelled Hibernation  Hex/Ice        0%         N/A       65%         2
 Passwall                 Tmut/Erth      0%         N/A       65%         2
 Poisonous Vapours        Pois/Air       0%         N/A       65%         2
 Call Canine Familiar     Summ           0%         N/A       86%         3
 Lesser Beckoning         Tloc           0%         N/A       86%         3
 Mephitic Cloud           Conj/Pois/Air  0%         N/A       86%         3
 Summon Guardian Golem    Hex/Summ       0%         N/A       86%         3
 Swiftness                Air            0%         N/A       86%         3
 Olgreb's Toxic Radiance  Pois           0%         N/A       99%         4
 Summon Ice Beast         Ice/Summ       0%         N/A       99%         4
 Manifold Assault         Tloc           0%         N/A       100%        5
 Summon Mana Viper        Hex/Summ       0%         N/A       100%        5
 Simulacrum               Ice/Necr       0%         N/A       100%        6
 Monstrous Menagerie      Summ           0%         N/A       100%        7


Dungeon Overview and Level Annotations

Branches:
Dungeon (5/15)
 Temple: D:4-7

Altars:
Ashenzari
Dithmenos
Elyvilon
Fedhas
Makhleb
Sif Muna
Vehumet
Zin

Shops:
D:1 *


Innate Abilities, Weirdness & Mutations

((You are very nimble when in or above water. (Stealth+, EV+, Speed+++)))
Your lower body shifts to a powerful aquatic tail in water.
You are partially covered in iridescent scales. (AC +2)
You possess an exceptional clarity of mind.
Armour fits poorly on your strangely shaped body.


Message History

You are too injured to fight recklessly!
You are too injured to fight recklessly!
You are too injured to fight recklessly!
You are too injured to fight recklessly!
You are too injured to fight recklessly!
You are too injured to fight recklessly!
You are too injured to fight recklessly!
You are too injured to fight recklessly!
You are too injured to fight recklessly!
You are too injured to fight recklessly!
You slash the orc!
You kill the orc!
The orc priest mumbles some strange prayers to Beogh against you.
Beogh smites you!
* * * LOW HITPOINT WARNING * * *
The orc priest mumbles some strange prayers to Beogh against you.
You struggle to resist.
Items here: )) [ †.
You barely miss the orc priest.
The orc priest hits you but does no damage.
You barely miss the orc priest. The orc priest misses you.
You hit the orc priest.
The orc priest is moderately wounded.
The orc priest hits you but does no damage.
You hit the orc priest.
The orc priest is heavily wounded.
The orc priest mumbles some strange prayers to Beogh against you.
Beogh smites you!
* * * LOW HITPOINT WARNING * * *
The orc priest calls down the wrath of Beogh upon you.
You struggle to resist.
You hit the orc priest.
The orc priest is almost dead.
You barely miss the orc priest.
The orc priest is almost dead.
The orc priest calls upon Beogh to heal the orc priest.
The orc priest is healed somewhat.
The orc priest calls down the wrath of Beogh upon you.
Beogh smites you!
You die...

######## #......#
#.####.# #....#.#
#########.#.#
.....##...#.######
....<'..###......#
.....###########.#
...........# #@#
.....#####.# #o#
.....# #o# [....#
#.# ..>#... ..#
##.##### ### .....
.#.#######
.........#


You could see 2 orc priests.

Vanquished Creatures
  Pikel (D:5)
  A lemure (D:5)
  Blork the orc (D:5)
  A scorpion (D:5)
  An orc priest (D:5)
  2 hounds (D:5)
  2 jellies
  A gnoll bouda (D:3)
  An iguana (D:5)
  An orc wizard (D:5)
  8 gnolls
  10 adders
  A white imp (D:5)
  An ufetubus (D:4)
  2 worms
  9 dart slugs
  5 orcs
  4 endoplasms
  4 giant cockroaches
  8 goblins
  3 hobgoblins
  5 jackals
  3 quokkas
  4 ball pythons (D:1)
  2 bats
  3 frilled lizards (D:1)
  9 kobolds
93 creatures vanquished.

Notes
Turn   | Place    | Note
-------+----------+-------------------------------------------
     0 | D:1      | Cheops the Merfolk Gladiator began the quest for the Orb.
     0 | D:1      | Reached XP level 1. HP: 16/16 MP: 1/1
   131 | D:1      | Found Jede's General Store.
   142 | D:1      | Reached XP level 2. HP: 23/23 MP: 2/2
   420 | D:1      | Found a faded altar of an unknown god.
  1094 | D:1      | Reached XP level 3. HP: 28/28 MP: 3/3
  1227 | D:1      | Bought a potion of heal wounds for 55 gold pieces
  1479 | D:2      | Gained mutation: You are partially covered in iridescent
                  | scales. (AC +2) [potion of mutation]
  1479 | D:2      | Gained mutation: You possess an exceptional clarity of
                  | mind. [potion of mutation]
  1479 | D:2      | Gained mutation: Armour fits poorly on your strangely
                  | shaped body. [potion of mutation]
  2390 | D:1      | Bought a potion of curing for 33 gold pieces
  2390 | D:1      | Bought a scroll of identify for 22 gold pieces
  2849 | D:3      | Identified the +4 whip of Wealth {elec, Dex+4}
  2961 | D:3      | Found a blossoming altar of Fedhas.
  3040 | D:3      | Reached skill level 5 in Polearms
  3067 | D:3      | Reached XP level 4. HP: 34/34 MP: 4/4
  3096 | D:3      | Found a shimmering blue altar of Sif Muna.
  3390 | D:3      | Found a shadowy altar of Dithmenos.
  3399 | D:3      | Found a white marble altar of Elyvilon.
  3573 | D:3      | Found a broken altar of Ashenzari.
  3573 | D:3      | Found a radiant altar of Vehumet.
  3932 | D:4      | Reached skill level 6 in Polearms
  3950 | D:4      | Reached XP level 5. HP: 22/40 MP: 5/5
  4143 | D:3      | Reached skill level 7 in Polearms
  4467 | D:4      | Reached XP level 6. HP: 46/46 MP: 6/6
  4527 | D:4      | Got Sif Muna's Treatise on the Icy Retinue
  4707 | D:4      | Found a burning altar of Makhleb.
  4707 | D:4      | Found a glowing silver altar of Zin.
  4708 | D:4      | Noticed an angel
  4708 | D:4      | Noticed a blizzard demon
  4713 | D:4      | Reached skill level 8 in Polearms
  4963 | D:1      | Bought a scroll of enchant armour for 82 gold pieces
  5016 | D:5      | Entered Level 5 of the Dungeon
  5356 | D:5      | Noticed Blork the orc
  5374 | D:5      | Killed Blork the orc
  5375 | D:5      | Reached skill level 9 in Polearms
  5668 | D:5      | Reached XP level 7. HP: 33/51 MP: 7/7
  5930 | D:5      | Reached skill level 10 in Polearms
  6220 | D:5      | Noticed Pikel
  6237 | D:5      | Killed Pikel
  6238 | D:5      | Reached skill level 12 in Polearms
  6238 | D:5      | Reached XP level 8. HP: 24/57 MP: 8/8
  6570 | D:5      | Killed from afar by an orc priest

Illustrated notes

Levels and vault maps discovered:
D:1:      spicycebolla_arrival_xxxplode, layout_basic, serial_shops,
          shop_fountains, basic_ecumenical_altar
D:2:      layout_basic
D:3:      layout_loops_ring, led_sif_pool, pf_just_have_faith,
          mainiacjoe_overflow_swirl, gammafunk_temple_overflow_elements
D:4:      kennysheep_slugbush, layout_rooms,
          grunt_temple_overflow_order_and_chaos_2
D:5:      layout_basic, uniq_pikel, uniq_blork_the_orc

Skill      XL: |  1  2  3  4  5  6  7 |
---------------+----------------------+-----
Polearms       | 5 6 7 9 12 | 12.2
Fighting       | |  2.8
Throwing       | |  2.5
Dodging        | |  4.5

Action                   |  1- 3 |  4- 6 |  7- 9 || total
-------------------------+-------+-------+-------++-------
Melee: Trident           |   144 |   182 |       ||   326
       Tailslap          |       |     6 |       ||     6
       Halberd           |       |    16 |    50 ||    66
       Punch             |       |     1 |       ||     1
Evoke: Wand              |       |       |     2 ||     2
  Use: Potion            |     3 |     1 |       ||     4
       Scroll            |     1 |       |       ||     1
 Stab: Sleeping          |     1 |       |     1 ||     2
Armor: Leather armour    |    40 |    36 |     6 ||    82
Dodge: Dodged            |    83 |   116 |    32 ||   231
